TOP OF THE 1ST |
Rochester Red Wings batting - Pitching for Fresno Grizzlies : LHP Mike Holloway
|
Pitching: LHP Mike Holloway
|
|
Batting: RHB Jason Gee
|
0-0: Ball 1-0: DOUBLE (Flyball, 78XD, EV 101.9 MPH)
|
Batting: RHB José Molina
|
0-0: Foul Ball, location: 2F 0-1: Called Strike 0-2: Foul Ball, location: 2F 0-2: Ball 1-2: Foul Ball, location: 2F 1-2: Ball 2-2: Hit by Pitch
|
Batting: RHB Leo Gonzalez
|
0-0: 3-RUN HOME RUN (Flyball, 7LD, EV 94.4 MPH), Distance : 336 ft
|
Batting: RHB Josh Harmon
|
0-0: Called Strike 0-1: Ball 1-1: Fly out, F7 (Flyball, 7S, EV 97.5 MPH)
|
Batting: LHB Jon Ventura
|
0-0: Foul Ball, location: 2F 0-1: Ball 1-1: Ball 2-1: SINGLE (Line Drive, 7LM, EV 93.8 MPH)
|
Batting: RHB Ryan Gautney
|
0-0: Swinging Strike 0-1: Foul Ball, location: 2F 0-2: Ball 1-2: Strikes out swinging
|
Batting: RHB Pedro Pinero
|
0-0: Called Strike Jon Ventura steals 2nd base (no throw) 0-1: Foul Ball, location: 2F 0-2: Foul Ball, location: 2F 0-2: Strikes out swinging
|
Top of the 1st over - 3 runs, 3 hits, 0 errors, 1 left on base; Rochester 3 - Fresno 0 |
BOTTOM OF THE 1ST |
Fresno Grizzlies batting - Pitching for Rochester Red Wings : RHP Brian Bright
|
Pitching: RHP Brian Bright
|
|
Batting: RHB Jesse Scott
|
0-0: Foul Ball, location: 2F 0-1: Foul Ball, location: 2F 0-2: Foul Ball, location: 2F 0-2: Ball 1-2: Ground out 5-3 (Groundball, 56, EV 92.5 MPH)
|
Batting: LHB Chris Cabrera
|
0-0: Ball 1-0: Swinging Strike 1-1: Ball 2-1: Swinging Strike 2-2: Strikes out swinging
|
Batting: RHB Mark Marks
|
0-0: Ball 1-0: Swinging Strike 1-1: Ball 2-1: Ball 3-1: Swinging Strike 3-2: Foul Ball, location: 2F 3-2: Ground out 4-3 (Groundball, 4M, EV 85.6 MPH)
|
Bottom of the 1st over - 0 runs, 0 hits, 0 errors, 0 left on base; Rochester 3 - Fresno 0 |
TOP OF THE 2ND |
Rochester Red Wings batting - Pitching for Fresno Grizzlies : LHP Mike Holloway
|
Batting: RHB Dan Grable
|
0-0: Ball 1-0: Foul Ball, location: 2F 1-1: Ground out 4-3 (Groundball, 4, EV 103.8 MPH)
|
Batting: LHB Tyler Allen
|
0-0: Ball 1-0: Foul Ball, location: 2F 1-1: Swinging Strike 1-2: Foul Ball, location: 2F 1-2: Strikes out swinging
|
Batting: RHB Jason Gee
|
0-0: Ball 1-0: Ball 2-0: Foul Ball, location: 2F 2-1: Ball 3-1: Base on Balls
|
Batting: RHB José Molina
|
0-0: Ball 1-0: Called Strike 1-1: Ball 2-1: Foul Ball, location: 2F 2-2: Strikes out looking
|
Top of the 2nd over - 0 runs, 0 hits, 0 errors, 1 left on base; Rochester 3 - Fresno 0 |
BOTTOM OF THE 2ND |
Fresno Grizzlies batting - Pitching for Rochester Red Wings : RHP Brian Bright
|
Batting: RHB Bruce Bermudez
|
0-0: Ball 1-0: Foul Ball, location: 2F 1-1: Swinging Strike 1-2: SINGLE (Groundball, 6S, EV 61.2 MPH) (infield hit)
|
Batting: RHB Etsuro Hosokawa
|
0-0: Ball 1-0: Ball 2-0: Fielders Choice at 2nd, 4-6 (Groundball, 34, EV 83.1 MPH)
|
Batting: RHB Nick Deegan
|
0-0: Ground out 5-3 (Groundball, 56S, EV 62.5 MPH) Etsuro Hosokawa to second
|
Batting: RHB Sam Spohn
|
0-0: Ball 1-0: Foul Ball, location: 2F 1-1: Ball 2-1: Foul Ball, location: 2F 2-2: Ground out 6-3 (Groundball, 6, EV 84.4 MPH)
|
Bottom of the 2nd over - 0 runs, 1 hit, 0 errors, 1 left on base; Rochester 3 - Fresno 0 |
TOP OF THE 3RD |
Rochester Red Wings batting - Pitching for Fresno Grizzlies : LHP Mike Holloway
|
Batting: RHB Leo Gonzalez
|
0-0: Ball 1-0: Ground out 6-3 (Groundball, 6, EV 84.4 MPH)
|
Pitching: RHP Gerardo Huerta
|
|
Batting: RHB Josh Harmon
|
0-0: Called Strike 0-1: Ball 1-1: Ball 2-1: Called Strike 2-2: Strikes out swinging
|
Batting: LHB Jon Ventura
|
0-0: Ball 1-0: Called Strike 1-1: Foul Ball, location: 2F 1-2: Ball 2-2: Ground out 4-3 (Groundball, 4MD, EV 86.9 MPH)
|
Top of the 3rd over - 0 runs, 0 hits, 0 errors, 0 left on base; Rochester 3 - Fresno 0 |
BOTTOM OF THE 3RD |
Fresno Grizzlies batting - Pitching for Rochester Red Wings : RHP Brian Bright
|
Batting: RHB Dustin Hartman
|
0-0: Foul Ball, location: 2F 0-1: SINGLE (Groundball, 6D, EV 105.0 MPH)
|
Batting: RHB Bryan Peterson
|
0-0: Ball 1-0: Called Strike 1-1: Called Strike 1-2: Ball 2-2: Ball 3-2: Grounds into double play, 6-4-3 (Groundball, 56, EV 80.0 MPH)
|
Batting: RHB Jesse Scott
|
0-0: Ground out 5-3 (Groundball, 56S, EV 91.2 MPH)
|
Bottom of the 3rd over - 0 runs, 1 hit, 0 errors, 0 left on base; Rochester 3 - Fresno 0 |
TOP OF THE 4TH |
Rochester Red Wings batting - Pitching for Fresno Grizzlies : RHP Gerardo Huerta
|
Batting: RHB Ryan Gautney
|
0-0: Ball 1-0: Ball 2-0: Ball 3-0: Foul Ball, location: 2F 3-1: Fly out, F9 (Flyball, 89M, EV 90.0 MPH)
|
Batting: RHB Pedro Pinero
|
0-0: Ball 1-0: Ball 2-0: SINGLE (Line Drive, 5D, EV 94.4 MPH)
|
Batting: RHB Dan Grable
|
0-0: Called Strike 0-1: Ball 1-1: Fly out, F7 (Line Drive, 7, EV 92.5 MPH)
|
Batting: LHB Tyler Allen
|
0-0: Ball Pedro Pinero steals 2nd base 1-0: Ball 2-0: Ball 3-0: Called Strike 3-1: Foul Ball, location: 2F 3-2: Strikes out looking
|
Top of the 4th over - 0 runs, 1 hit, 0 errors, 1 left on base; Rochester 3 - Fresno 0 |
BOTTOM OF THE 4TH |
Fresno Grizzlies batting - Pitching for Rochester Red Wings : RHP Brian Bright
|
Batting: LHB Chris Cabrera
|
0-0: Called Strike 0-1: Ball 1-1: Foul Ball, location: 2F 1-2: Ball 2-2: Foul Ball, location: 2F 2-2: Ball 3-2: Base on Balls
|
Batting: RHB Mark Marks
|
0-0: Called Strike 0-1: Reached on error, E1 (Groundball, 34S, EV 70.6 MPH) Chris Cabrera to second
|
Batting: RHB Bruce Bermudez
|
0-0: Ball 1-0: Ball 2-0: DOUBLE (Line Drive, 78D, EV 111.9 MPH) Chris Cabrera scores Mark Marks to third
|
Batting: RHB Etsuro Hosokawa
|
0-0: Ball 1-0: Called Strike 1-1: Ball 2-1: Foul Ball, location: 2F 2-2: Strikes out swinging
|
Batting: RHB Nick Deegan
|
0-0: Ball 1-0: Foul Ball, location: 2F 1-1: Called Strike 1-2: Strikes out swinging
|
Batting: RHB Sam Spohn
|
0-0: Called Strike 0-1: Swinging Strike 0-2: Fly out, F9 (Flyball, 89M, EV 96.9 MPH)
|
Bottom of the 4th over - 1 run, 1 hit, 1 error, 2 left on base; Rochester 3 - Fresno 1 |
TOP OF THE 5TH |
Rochester Red Wings batting - Pitching for Fresno Grizzlies : RHP Gerardo Huerta
|
Batting: RHB Jason Gee
|
0-0: Ball 1-0: Ball 2-0: Called Strike 2-1: Foul Ball, location: 2F 2-2: Ground out 4-3 (Groundball, 4S, EV 75.0 MPH)
|
Batting: RHB José Molina
|
0-0: Ball 1-0: Ball 2-0: Swinging Strike 2-1: Called Strike 2-2: Ball 3-2: Strikes out swinging
|
Batting: RHB Leo Gonzalez
|
0-0: Called Strike 0-1: Ball 1-1: Ball 2-1: Ball 3-1: Ground out 5-3 (Groundball, 56, EV 106.2 MPH)
|
Top of the 5th over - 0 runs, 0 hits, 0 errors, 0 left on base; Rochester 3 - Fresno 1 |
BOTTOM OF THE 5TH |
Fresno Grizzlies batting - Pitching for Rochester Red Wings : RHP Brian Bright
|
Batting: RHB Dustin Hartman
|
0-0: Called Strike 0-1: Fly out, F1 (Line Drive, P, EV 66.2 MPH)
|
Batting: RHB Bryan Peterson
|
0-0: Called Strike 0-1: Ball 1-1: SINGLE (Groundball, 6MD, EV 100.6 MPH)
|
Batting: RHB Jesse Scott
|
0-0: Called Strike 0-1: Ball 1-1: Ball 2-1: Called Strike 2-2: Foul Ball, location: 2F 2-2: Ball 3-2: Ground out 6-3 (Groundball, 6, EV 83.1 MPH) Bryan Peterson to second
|
Batting: LHB Chris Cabrera
|
0-0: Ball 1-0: Swinging Strike 1-1: Foul Ball, location: 2F 1-2: Strikes out swinging
|
Bottom of the 5th over - 0 runs, 1 hit, 0 errors, 1 left on base; Rochester 3 - Fresno 1 |
TOP OF THE 6TH |
Rochester Red Wings batting - Pitching for Fresno Grizzlies : RHP Gerardo Huerta
|
Batting: RHB Josh Harmon
|
0-0: Ground out U3 (Groundball, 34S, EV 88.1 MPH)
|
Batting: LHB Jon Ventura
|
0-0: Swinging Strike 0-1: Ball 1-1: Foul Ball, location: 2F 1-2: Ground out 5-3 (Groundball, 56, EV 101.9 MPH)
|
Batting: RHB Ryan Gautney
|
0-0: Called Strike 0-1: Hit by Pitch
|
Pitching: RHP Alex Salinas
|
|
Batting: RHB Pedro Pinero
|
0-0: Ball 1-0: Ball 2-0: Swinging Strike 2-1: Foul Ball, location: 2F 2-2: Foul Ball, location: 2F 2-2: Strikes out swinging
|
Top of the 6th over - 0 runs, 0 hits, 0 errors, 1 left on base; Rochester 3 - Fresno 1 |
BOTTOM OF THE 6TH |
Fresno Grizzlies batting - Pitching for Rochester Red Wings : RHP Brian Bright
|
Batting: RHB Mark Marks
|
0-0: SINGLE (Groundball, 34D, EV 105.0 MPH)
|
Batting: RHB Bruce Bermudez
|
0-0: Called Strike 0-1: Called Strike 0-2: Ball 1-2: Foul Ball, location: 2F 1-2: Strikes out swinging
|
Batting: RHB Etsuro Hosokawa
|
0-0: Called Strike 0-1: Swinging Strike 0-2: Ball 1-2: Ball 2-2: Strikes out swinging
|
Batting: RHB Nick Deegan
|
0-0: Called Strike 0-1: Ball 1-1: Ball 2-1: Called Strike Mark Marks is caught stealing 2nd base 2-4
|
Bottom of the 6th over - 0 runs, 1 hit, 0 errors, 0 left on base; Rochester 3 - Fresno 1 |
TOP OF THE 7TH |
Rochester Red Wings batting - Pitching for Fresno Grizzlies : RHP Alex Salinas
|
Batting: RHB Dan Grable
|
0-0: Ground out 6-3 (Groundball, 6, EV 81.2 MPH)
|
Batting: LHB Tyler Allen
|
0-0: Swinging Strike 0-1: Ball 1-1: Ground out 4-3 (Groundball, 4, EV 88.1 MPH)
|
Batting: RHB Jason Gee
|
0-0: Foul Ball, location: 2F 0-1: Foul Ball, location: 2F 0-2: Fly out, F7 (Flyball, 7S, EV 88.1 MPH)
|
Top of the 7th over - 0 runs, 0 hits, 0 errors, 0 left on base; Rochester 3 - Fresno 1 |
BOTTOM OF THE 7TH |
Fresno Grizzlies batting - Pitching for Rochester Red Wings : RHP Brian Bright
|
Batting: RHB Nick Deegan
|
0-0: SINGLE (Groundball, 56S, EV 70.6 MPH) (infield hit)
|
Batting: RHB Sam Spohn
|
0-0: Called Strike 0-1: Foul Ball, location: 2F 0-2: Ball 1-2: Grounds into double play, 4-6-3 (Groundball, 4, EV 90.0 MPH)
|
Batting: RHB Dustin Hartman
|
0-0: Ball 1-0: Ball 2-0: Called Strike 2-1: Foul Ball, location: 2F 2-2: Ground out U3 (Groundball, 3S, EV 66.2 MPH)
|
Bottom of the 7th over - 0 runs, 1 hit, 0 errors, 0 left on base; Rochester 3 - Fresno 1 |
TOP OF THE 8TH |
Rochester Red Wings batting - Pitching for Fresno Grizzlies : RHP Alex Salinas
|
Batting: RHB José Molina
|
0-0: Ball 1-0: Called Strike 1-1: Swinging Strike 1-2: Strikes out swinging
|
Batting: RHB Leo Gonzalez
|
0-0: Ball 1-0: Ball 2-0: Ball 3-0: Called Strike 3-1: Base on Balls
|
Batting: RHB Josh Harmon
|
0-0: Ball 1-0: Foul Ball, location: 2F 1-1: Ball 2-1: SINGLE (Groundball, 34, EV 100.0 MPH) Leo Gonzalez to second Runner from 2nd tries for 3rd, SAFE, throw by RF made to third
|
Batting: LHB Jon Ventura
|
0-0: Ball 1-0: Ball 2-0: Called Strike 2-1: Ball 3-1: Fielders Choice at 2nd, 1-6 (Groundball, 13S, EV 68.8 MPH)
|
Batting: RHB Ryan Gautney
|
0-0: Called Strike Jon Ventura steals 2nd base 0-1: Ball 1-1: Foul Ball, location: 2F 1-2: Strikes out swinging
|
Top of the 8th over - 0 runs, 1 hit, 0 errors, 2 left on base; Rochester 3 - Fresno 1 |
BOTTOM OF THE 8TH |
Fresno Grizzlies batting - Pitching for Rochester Red Wings : RHP Brian Bright
|
Pitching: LHP Brian Walters
|
|
Batting: RHB Bryan Peterson
|
0-0: Ball 1-0: Foul Ball, location: 2F 1-1: Ball 2-1: Swinging Strike 2-2: Strikes out swinging
|
Batting: RHB Jesse Scott
|
0-0: Called Strike 0-1: Foul Ball, location: 2F 0-2: Strikes out swinging
|
Batting: LHB Chris Cabrera
|
0-0: Ball 1-0: Called Strike 1-1: Called Strike 1-2: Ball 2-2: Strikes out swinging
|
Bottom of the 8th over - 0 runs, 0 hits, 0 errors, 0 left on base; Rochester 3 - Fresno 1 |
TOP OF THE 9TH |
Rochester Red Wings batting - Pitching for Fresno Grizzlies : RHP Alex Salinas
|
Pitching: RHP Jorge Aguilar
|
|
Batting: RHB Pedro Pinero
|
0-0: Ball 1-0: SINGLE (Groundball, 34D, EV 96.9 MPH)
|
Batting: RHB Dan Grable
|
0-0: Bunt missed! 0-1: Bunted foul 0-2: Ball 1-2: Foul Ball, location: 2F 1-2: Fly out, F7 (Line Drive, 78M, EV 89.4 MPH)
|
Batting: LHB Tyler Allen
|
0-0: Foul Ball, location: 2F 0-1: Fly out, F8 (Flyball, 8LD, EV 94.4 MPH)
|
Batting: RHB Jason Gee
|
0-0: Fly out, F9 (Flyball, 89M, EV 85.6 MPH)
|
Top of the 9th over - 0 runs, 1 hit, 0 errors, 1 left on base; Rochester 3 - Fresno 1 |
BOTTOM OF THE 9TH |
Fresno Grizzlies batting - Pitching for Rochester Red Wings : LHP Brian Walters
|
Pitching: RHP Matt Springer
|
|
Batting: RHB Mark Marks
|
0-0: Called Strike 0-1: Swinging Strike 0-2: Foul Ball, location: 2F 0-2: Ball 1-2: Foul Ball, location: 2F 1-2: Ball 2-2: Ball 3-2: Strikes out looking
|
Batting: RHB Bruce Bermudez
|
0-0: Ball 1-0: Called Strike 1-1: Swinging Strike 1-2: Ball 2-2: Foul Ball, location: 2F 2-2: Ground out 6-3 (Groundball, 6, EV 84.4 MPH)
|
Batting: RHB Etsuro Hosokawa
|
0-0: Called Strike 0-1: Foul Ball, location: 2F 0-2: Ball 1-2: Strikes out swinging
|
Bottom of the 9th over - 0 runs, 0 hits, 0 errors, 0 left on base; Rochester 3 - Fresno 1 |
|